 Dungeon Crawl Stone Soup version 0.17-a0-1648-g0a089d4 (webtiles) character file.

51 ithil the Poker (level 3, -2/24 HPs)
             Began as a Tengu Berserker on Aug 12, 2015.
             Was a Believer of Trog.
             Slain by an adder (3 damage)
             ... on level 2 of the Dungeon.
             The game lasted 00:09:37 (1364 turns).

ithil the Poker (Tengu Berserker)                   Turns: 1364, Time: 00:09:37

Health: -2/24      AC:  7    Str: 16    XL:     3   Next: 83%
Magic:  4/4        EV:  5    Int:  7    God:    Trog [**....]
Gold:   75         SH:  0    Dex: 13    Spells: 0 memorised, 2 levels left

rFire  . . .     SeeInvis .     a - +1 spear
rCold  . . .     Clarity  .     i - +1 plate armour
rNeg   . . .     SustAt   .     (no shield)
rPois  .         Gourm    .     (helmet restricted)
rElec  .         Spirit   .     (no cloak)
rCorr  .         Warding  .     (no gloves)
rMut   .         Stasis   .     (boots unavailable)
MR     .....                    (no amulet)
Stlth  ..........               (no ring)
                                (no ring)

@: lethally poisoned (-2 -> -8), not resistant to hostile enchantments,
extremely unstealthy
A: beak, talons 3, camouflage 1, deformed body, weak 1
a: Burn Spellbooks, Berserk, Trog's Hand, Renounce Religion


You were on level 2 of the Dungeon.
You worshipped Trog.
Trog was pleased with you.
You were hungry.

You visited 1 branch of the dungeon, and saw 2 of its levels.

You collected 75 gold pieces.

Inventory:

Hand weapons
 a - a +1 spear (weapon)
 k - a +2 dagger of electrocution
Missiles
 d - 41 stones (quivered)
 e - 16 arrows
Armour
 b - a +0 animal skin
 f - a +0 robe
 g - a +0 leather armour
 i - a +1 plate armour (worn)
Scrolls
 n - a scroll of teleportation
Potions
 l - a potion of curing {unknown}
 m - a potion of poison {unknown}
Comestibles
 c - 2 bread rations
 h - 5 chunks of flesh


   Skills:
 + Level 3.8 Fighting
 + Level 3.8 Polearms
 + Level 2.5 Armour
 + Level 2.6 Dodging


You had 2 spell levels left.
You didn't know any spells.

Dungeon Overview and Level Annotations

Branches:
Dungeon (2/15)

Altars:


Innate Abilities, Weirdness & Mutations

You have a beak for a mouth.
You have claws for feet.
Your skin changes colour to match your surroundings (Stealth).
Armour fits poorly on your strangely shaped body.
You are weak. (Str -2)


Message History

You feel sick.
Your plate armour prevents you from hitting the adder.
Your kick misses the adder. The adder bites you.
* * * LOW HITPOINT WARNING * * *
You hit the adder. You claw the adder. Your peck misses the adder.
The adder is moderately wounded.
* * * LOW HITPOINT WARNING * * *
You feel sick. The adder bites you.
* * * LOW HITPOINT WARNING * * *
The adder completely misses you. The goblin hits you but does no damage.
* * * LOW HITPOINT WARNING * * *
You feel sick. The adder closely misses you.
The goblin hits you but does no damage.
Drink which item? (? for menu, Esc to quit)
It was a potion of mutation.
You feel extremely strange.
You feel weaker.
Your body twists and deforms.
Your skin functions as natural camouflage.
* * * LOW HITPOINT WARNING * * *
You feel sick. The adder bites you.
You die...

... #.## ...##...#
#.#..... #.#....
#.#..# #.#..######
.######..........
.......@#g...#
#######.Sg.K.##
#..###...# .
##...# #..#.....
#..##.##..#...8.
#...# #......g8.8
...##s##..#.#.8w_.
... #....#.#..8.8
###.##†)##......8.


You could see an adder, a goblin and a kobold.

Vanquished Creatures
  An ooze (D:2)
  2 worms (D:2)
  2 giant geckos (D:1)
  2 giant cockroaches (D:1)
  5 goblins
  6 hobgoblins (D:1)
  2 jackals (D:2)
  4 bats
  A giant newt (D:1)
  7 kobolds
  7 rats
39 creatures vanquished.

Notes
Turn   | Place    | Note
--------------------------------------------------------------
     0 | D:1      | ithil the Tengu Berserker began the quest for the Orb.
     0 | D:1      | Reached XP level 1. HP: 14/14 MP: 2/2
   248 | D:1      | Reached XP level 2. HP: 16/19 MP: 3/3
   865 | D:1      | Reached XP level 3. HP: 15/23 MP: 4/4
  1239 | D:2      | Acquired Trog's second power
  1353 | D:2      | Found a faded altar to an unknown god.
  1364 | D:2      | Gained mutation: You are weak. (Str -2) [potion of mutation]
  1364 | D:2      | Gained mutation: Armour fits poorly on your strangely shaped body. [potion of mutation]
  1364 | D:2      | Gained mutation: Your skin changes colour to match your surroundings (Stealth). [potion of mutation]
  1364 | D:2      | HP: 1/24 [poisoned by an adder]
  1364 | D:2      | Slain by an adder

Vault maps used:
D:1:      dpeg_arrival_pond, st_stairs_11, minmay_quantized
D:2:      ecumenical_altar_2, minmay_misc_feat_tower, grunt_decor_mini_mirrors,
          minmay_vboxes

Action                   || total
-------------------------++-------
Melee: Spear             ||   122
Throw: Stone             ||     2
  Use: Scroll            ||     4
       Potion            ||     1
  Eat: Chunk             ||     1
